 Dungeon Crawl Stone Soup version 0.25-a0-829-g4e6a552925 (webtiles) character file.

Game seed: 5215721867855075566, levelgen mode: deterministic

4 Maedhros the Charlatan (level 1, 0/13 HPs)
             Began as an Octopode Artificer on Apr 21, 2020.
             Slain by a hound (5 damage)
             ... on level 3 of the Dungeon.
             The game lasted 00:00:21 (303 turns).

Maedhros the Charlatan (Octopode Artificer)          Turns: 303, Time: 00:00:21

Health: 0/13       AC:  1    Str: 11    XL:     1   Next: 70%
Magic:  3/3        EV: 10    Int: 13    God:
Gold:   10         SH:  0    Dex: 12    Spells: 0/0 levels left

rFire    . . .     SeeInvis .   a - +0 short sword
rCold    . . .     Gourm    .   (no shield)
rNeg     . . .     Faith    .   (helmet restricted)
rPois    .         Spirit   .   (no amulet)
rElec    .         Reflect  .   e - -3 ring of evasion (curse)
rCorr    .         Harm     .   (no ring)
MR       .....                  (no ring)
Stlth    +++.......             (no ring)
HPRegen  0.04/turn              (no ring)
MPRegen  0.08/turn              (no ring)
                                (no ring)
                                (no ring)

@: no status effects
A: almost no armour, stealthy swim, amphibious, 8 rings, constrict 8, camouflage
1, gelatinous body 1
a: no special abilities


You were on level 3 of the Dungeon.
You were not hungry.

You visited 1 branch of the dungeon, and saw 3 of its levels.

You collected 10 gold pieces.

Inventory:

Hand Weapons
 a - a +0 short sword (weapon)
Jewellery
 e - a cursed -3 ring of evasion (left tentacle)
Wands
 b - a wand of flame (15)
 c - a wand of enslavement (14)
 d - a wand of random effects (13)
Potions
 h - a potion of curing {unknown}
 i - a potion of brilliance {unknown}
 k - a potion of flight {unknown}
Comestibles
 f - a ration


   Skills:
 - Level 1.0 Fighting
 - Level 1.0 Short Blades
 - Level 2.0 Dodging
 + Level 1.7 Stealth
 * Level 0.7 Unarmed Combat
 + Level 3.3 Evocations


You couldn't memorise any spells.
You didn't know any spells.
Your spell library was empty.

Dungeon Overview and Level Annotations

Branches:
Dungeon (3/15)

Altars:

Annotations:
D:3 Jessica


Innate Abilities, Weirdness & Mutations

You cannot wear most types of armour.
You are very stealthy in the water. (Stealth+)
You are amphibious.
You can wear up to eight rings at the same time.
You can use your tentacles to constrict eight enemies at once.
Your skin changes colour to match your surroundings (Stealth+).
Your rubbery body absorbs attacks. (AC +1, EV +1)


Message History

Aiming: Random Effects
Press: ? - help, Shift-Dir - straight line, f - Jessica
Aim: Jessica, wielding a +0 dagger and wearing a cursed +0 robe Jessica twists and deforms.
The kobold shouts!
The hound barks!
Evoke which item? (* to show all) (? for menu, Esc to quit)
Aiming: Random Effects
Press: ? - help, Shift-Dir - straight line, f/p - Jessica
Aim: Jessica, wielding a +0 dagger and wearing a cursed +0 robe (misshapen and mutated) Jessica looks slightly unstable.
The kobold throws a stone.
The stone closely misses you.
A hobgoblin comes into view.
Evoke which item? (* to show all) (? for menu, Esc to quit)
Aiming: Enslavement
Press: ? - help, Shift-Dir - straight line, f/p - Jessica
Aim: Jessica, wielding a +0 dagger and wearing a cursed +0 robe (misshapen and mutated, chance to defeat MR: 64%) Jessica struggles to resist.
The hobgoblin shouts!
The hound bites you.
You die...

## <# .. .#
....####.#
.........#
#####..#
#(.....#
#.h@...#
.......@.......
#.#....!..K.....
#######.###...
#.# ... #.# .#
).


g You could see a hound, Jessica, a hobgoblin and a kobold.

Vanquished Creatures
  A giant cockroach (D:1)
  A hobgoblin (D:2)
  A kobold (D:1)
  A frilled lizard (D:1)
4 creatures vanquished.

Notes
Turn   | Place    | Note
-------+----------+-------------------------------------------
     0 | D:1      | Maedhros the Octopode Artificer began the quest for the
                  | Orb.
     0 | D:1      | Reached XP level 1. HP: 13/13 MP: 3/3
   299 | D:3      | Noticed Jessica
   299 | D:3      | Noticed a hound
   303 | D:3      | Slain by a hound

Levels and vault maps discovered:
D:1:      matt_arrival_spirals, layout_loops_ring
D:2:      minmay_thinvault, layout_basic, minmay_misc_feat_columns,
          uniq_sigmund, uniq_robin
D:3:      minmay_wonky_spiral, layout_basic, cheibrodos_sewer_entry_bend,
          uniq_natasha, uniq_ijyb, uniq_crazy_yiuf_cottage, uniq_jessica

Action                   || total
-------------------------++-------
Melee: Short sword       ||    11
       Constrict         ||     3
Evoke: Wand              ||     3
  Use: Scroll            ||     2
Armor: Skin              ||     1
Dodge: Dodged            ||     7

Table legend:
 A = Non-vault XP
 B = Vault XP
 C = Vault XP percentage of total XP
 D = Non-vault monster count
 E = Vault monster count
 F = Vault count percentage of total count
                 A         B        C        D         E       F
            +---------+---------+-------+---------+---------+-------
      Total |       7 |       0 |   0.0 |       4 |       0 |   0.0
            +---------+---------+-------+---------+---------+-------
        D:1 |       5 |       0 |   0.0 |       3 |       0 |   0.0
        D:2 |       2 |       0 |   0.0 |       1 |       0 |   0.0
            +---------+---------+-------+---------+---------+-------
